cohdb
Replays
Latest Replays
All Replays
Popular Replays
Top Player Replays
Match Explorer
How It Works
Community
CoH3 Stats
Reddit
Sign in to upload your games and track your stats! →
Sign in with Steam
Match 42528093
Unlisted
Match 42528093
Overview
Messages
Build Orders
End
Selects Australian Defense Battlegroup
Selects Australian Light Infantry Section
Australian Light Infantry Section
Royal Engineer Section
Australian Light Infantry Section
Construct Section Command Post
ML 3-inch Mortar Team
Selects Defensive Tactics
Construct Platoon Command Post
سَۨفُـيٰانۨوٰس
Edemszky
0
0
Comments
sign in to comment!
No comments posted yet!